Hartford Whalers vs Edmonton Oilers

Created - Sunday, August 24, 2025 at 08:13

Goals
1 2 3 OT1 T
Hartford Whalers 1 0 1 1 3
Edmonton Oilers 1 0 1 0 2
Shots
1 2 3 OT1 T
Hartford Whalers 14 4 11 3 32
Edmonton Oilers 11 11 14 0 36

1st period

1. Edmonton Oilers , Jake DeBrusk 10 (Boone Jenner 13) at 9:38
2. Hartford Whalers , Frank Nazar 1 (Jonathan Drouin 4, Kaapo Kakko 1) at 16:31

Penalties :
David Savard (EDM) for Holding (Minor) at 5:05, Jacob Trouba (EDM) for Tripping (Minor) at 12:00

2nd period

No Goal

Penalties :
Brandon Carlo (EDM) for Hooking (Minor) at 4:12, Brock Boeser (EDM) for Interference (Minor) at 13:15, Tyler Myers (HFD) for Interference (Minor) at 18:01

3rd period

3. Edmonton Oilers , Adrian Kempe 10 (Ryan McLeod 6, Jonathan Quick) at 4:42 (PP)
4. Hartford Whalers , Anthony Cirelli 7 (Pierre-Luc Dubois 9, Tomas Hertl 5) at 15:27 (PP)

Penalties :
Brock Boeser (EDM) for High sticking (Minor) at 1:06, Charlie McAvoy (HFD) for Interference (Minor) at 4:11, Adrian Kempe (EDM) for Cross-checking (Minor) at 14:01

Overtime #1

5. Hartford Whalers , Tom Wilson 8 (Nick Suzuki 13) at 0:37

Penalties :
No Penalty

Goalie Stats

Samuel Montembeault (HFD), 34 saves from 36 shots - (0.944), W, 6-6-3, 60:37 minutes
Jonathan Quick (EDM), 29 saves from 32 shots - (0.906), OTL, 7-0-1, 60:37 minutes

Players Stats for Hartford Whalers

Player Name              G  A  P  +/- PIM S  H  SB GA TA FO     MP     PP MP  PK MP  
------------------------------------------------------------------------------------
Anders Lee               0  0  0   0  0   0  3  0  0  0  0/1    11:46   0:03   0:00 
Anthony Cirelli          1  0  1   0  0   1  3  1  0  0  11/18  21:45   6:01   1:15 
Braden Schneider         0  0  0  -1  0   2  0  1  0  0  0/0    15:05   0:00   0:00 
Charlie McAvoy           0  0  0  -1  2   0  2  0  0  1  0/0    15:54   0:00   0:50 
Devon Toews              0  0  0   1  0   1  1  1  0  0  0/0    21:53   5:18   1:08 
Dylan Guenther           0  0  0   0  0   1  0  0  2  0  0/0    11:46   0:03   0:00 
Frank Nazar              1  0  1   1  0   2  1  0  0  0  1/2     6:51   0:00   0:00 
Jonathan Drouin          0  1  1   1  0   1  0  0  0  0  0/0     6:55   0:00   0:04 
Joshua Norris            0  0  0  -1  0   4  2  0  1  1  1/1    19:57   5:20   1:15 
Kaapo Kakko              0  1  1   1  0   0  2  0  0  0  0/0     6:51   0:00   0:00 
Matthew Coronato         0  0  0   0  0   1  0  0  1  0  4/9    11:37   0:00   0:00 
Nick Suzuki              0  1  1   0  0   2  1  0  1  1  13/27  20:20   5:20   1:11 
Pierre-Luc Dubois        0  1  1   0  0   5  3  1  0  0  0/0    20:09   5:58   0:04 
Seth Jones               0  0  0   1  0   1  1  3  1  1  0/0    23:39   6:03   1:22 
Tom Wilson               1  0  1   0  0   2  2  0  0  0  1/1    20:20   5:20   1:11 
Tomas Hertl              0  1  1   0  0   5  0  0  0  0  1/1    20:05   5:58   0:00 
Tyler Myers              0  0  0   1  2   1  2  2  0  0  0/0    22:38   6:03   0:00 
Vladislav Gavrikov       0  0  0   1  0   3  4  1  0  1  0/0    22:25   5:18   1:40 

Players Stats for Edmonton Oilers

Player Name              G  A  P  +/- PIM S  H  SB GA TA FO     MP     PP MP  PK MP  
------------------------------------------------------------------------------------
Adrian Kempe             1  0  1  -1  2   6  4  1  1  0  3/7    19:55   1:11   5:00 
Boone Jenner             0  1  1   1  0   2  2  0  0  0  8/15   13:01   1:19   0:00 
Brandon Carlo            0  0  0   1  2   3  1  2  0  1  0/0    25:09   1:13   4:26 
Brett Pesce              0  0  0  -1  0   0  0  3  0  0  0/0    16:32   0:00   4:02 
Brock Boeser             0  0  0  -1  4   5  0  0  2  2  2/2    19:00   1:11   3:47 
Corey Perry              0  0  0   0  0   3  0  0  0  0  1/1    12:24   0:00   2:16 
David Perron             0  0  0   0  0   1  2  0  0  0  0/2    11:13   0:00   0:00 
David Savard             0  0  0  -1  2   1  3  3  0  0  0/0    24:17   1:17   4:21 
Dawson Mercer            0  0  0   1  0   2  2  0  1  0  0/0    14:39   1:19   0:49 
Drake Caggiula           0  0  0   0  0   1  0  0  0  0  0/0     8:42   0:00   0:00 
Dylan Holloway           0  0  0  -1  0   0  1  1  0  0  1/1    16:56   0:00   5:25 
Evan Bouchard            0  0  0  -1  0   3  1  4  0  0  0/0    23:17   1:17   5:06 
Jacob Trouba             0  0  0   1  2   0  1  2  0  1  0/0    16:15   1:13   3:18 
Jake DeBrusk             1  0  1   0  0   4  1  0  0  0  2/9    18:50   1:19   5:25 
Luke Hughes              0  0  0  -1  0   3  1  2  0  1  0/0    17:45   0:00   1:29 
Morgan Barron            0  0  0   0  0   0  1  0  1  0  2/4    11:13   0:00   0:00 
Ryan McLeod              0  1  1  -1  0   2  0  0  0  0  8/17   13:11   1:11   0:00 
Tanner Jeannot           0  0  0   0  0   0  2  0  0  1  1/2     8:42   0:00   0:00 

3 Stars

1 - Samuel Montembeault (HFD)
2 - Anthony Cirelli (HFD)
3 - Frank Nazar (HFD)

Power Play

Hartford Whalers - 1 on 6 Attempt(s) - 16.67%
Edmonton Oilers - 1 on 2 Attempt(s) - 50.00%

Penalty Kill

Hartford Whalers - 1 on 2 Attempt(s) - 50.00% - Score 0 goal in Penalty Kill
Edmonton Oilers - 5 on 6 Attempt(s) - 83.33% - Score 0 goal in Penalty Kill

Team Stat

Hartford Whalers - Hits : 27 - Faceoff Wins : 32 - Blocked Shots : 10 - Penalty Minutes : 4
Edmonton Oilers - Hits : 22 - Faceoff Wins : 28 - Blocked Shots : 18 - Penalty Minutes : 12

Official

Referees : Chris Lee and Chris Schlenker
Linesman : Travis Gawryletz and Mitchell Hunt

Game Notes

Jacob Trouba is injured at 0:53 of 3rd period (Sprained Right Ankle)

Finance

Level 1 -- Attendance: 5765 (96.08%) -- Ticket Income $518,850
Level 2 -- Attendance: 4401 (88.02%) -- Ticket Income $220,050
Level 3 -- Attendance: 2903 (96.77%) -- Ticket Income $87,090
Level 4 -- Attendance: 4540 (90.80%) -- Ticket Income $90,800
Luxury Box -- Attendance: 953 (95.30%) -- Ticket Income $181,070
Game was played at the Rexall Place.
Total Attendance: 18562 (92.81%)
Total Ticket Income: $1,097,860
Other Income: $384,251
Total Income: $1,482,111

Hartford Whalers

5 vs 5 Forward 
   Center                   Left Wing                Right Wing               Time % Phy DF OF 
 1 Nick Suzuki              Joshua Norris            Tom Wilson               32     0   2  3  
 2 Anthony Cirelli          Tomas Hertl              Pierre-Luc Dubois        32     0   2  3  
 3 Matthew Coronato         Dylan Guenther           Anders Lee               26     1   2  2  
 4 Frank Nazar              Jonathan Drouin          Kaapo Kakko              10     0   3  2  

5 vs 5 Defense 
   Defense                  Defense                                           Time % Phy DF OF 
 1 Tyler Myers              Seth Jones                                        35     2   2  1  
 2 Vladislav Gavrikov       Devon Toews                                       33     1   3  1  
 3 Braden Schneider         Charlie McAvoy                                    32     2   2  1  
 4 Tyler Myers              Seth Jones                                        0      1   2  2  

PowerPlay Forward 
   Center                   Left Wing                Right Wing               Time % Phy DF OF 
 1 Nick Suzuki              Joshua Norris            Tom Wilson               50     1   1  3  
 2 Anthony Cirelli          Tomas Hertl              Pierre-Luc Dubois        50     1   1  3  

PowerPlay Defense
   Defense                  Defense                                           Time % Phy DF OF 
 1 Tyler Myers              Seth Jones                                        50     1   1  3  
 2 Vladislav Gavrikov       Devon Toews                                       50     1   1  3  

Penalty Kill 4 Players Forward 
   Center                   Wing                     Time % Phy DF OF 
 1 Nick Suzuki              Tom Wilson               50     1   3  1  
 2 Joshua Norris            Anthony Cirelli          50     1   3  1  

Penalty Kill 4 Players Defense
   Defense                  Defense                  Time % Phy DF OF 
 1 Tyler Myers              Seth Jones               50     2   3  0  
 2 Vladislav Gavrikov       Devon Toews              50     2   3  0  

Penalty Kill - 3 Players Forward 
   Forward                                           Time % Phy DF OF 
 1 Nick Suzuki                                       50     1   2  2  
 2 Tom Wilson                                        50     1   2  2  

Penalty Kill - 3 Players Defense
   Defense                  Defense                  Time % Phy DF OF 
 1 Tyler Myers              Seth Jones               50     2   2  0  
 2 Vladislav Gavrikov       Braden Schneider         50     2   2  0  

4 vs 4 Forward 
   Center                   Wing                     Time % Phy DF OF 
 1 Nick Suzuki              Tom Wilson               50     1   1  3  
 2 Joshua Norris            Anthony Cirelli          50     1   1  3  

4 vs 4 Defense
   Defense                  Defense                  Time % Phy DF OF 
 1 Tyler Myers              Seth Jones               50     1   2  2  
 2 Vladislav Gavrikov       Devon Toews              50     1   2  2  

Last Minutes Offensive
   Center                   Left Wing                Right Wing               Defense                  Defense                  
   Nick Suzuki              Joshua Norris            Tom Wilson               Charlie McAvoy           Seth Jones               

Last Minutes Defensive
   Center                   Left Wing                Right Wing               Defense                  Defense                  
   Joshua Norris            Anthony Cirelli          Tom Wilson               Tyler Myers              Braden Schneider         

Goaltenders
Starting : Samuel Montembeault      
Backup : Spencer Knight           

Extra Forwards
Normal : Dylan Guenther, Anders Lee, Jonathan Drouin - PP : Dylan Guenther, Anders Lee - PK : Jonathan Drouin
Extra Defensemen
Normal : Braden Schneider, Charlie McAvoy, Vladislav Gavrikov - PP : Braden Schneider - PK : Charlie McAvoy, Vladislav Gavrikov
Penalty Shots
Nick Suzuki, Tom Wilson, Joshua Norris, Anthony Cirelli, Tomas Hertl

Scratches
Alex Newhook (Healthy), Danny Zhilkin (Healthy)

Edmonton Oilers

5 vs 5 Forward 
   Center                   Left Wing                Right Wing               Time % Phy DF OF 
 1 Ryan McLeod              Adrian Kempe             Brock Boeser             30     1   2  2  
 2 Boone Jenner             Jake DeBrusk             Dawson Mercer            30     1   2  2  
 3 Morgan Barron            Dylan Holloway           David Perron             25     1   2  2  
 4 Tanner Jeannot           Drake Caggiula           Corey Perry              15     1   2  2  

5 vs 5 Defense 
   Defense                  Defense                                           Time % Phy DF OF 
 1 Jacob Trouba             Brandon Carlo                                     30     1   2  2  
 2 David Savard             Evan Bouchard                                     30     1   2  2  
 3 Luke Hughes              Brett Pesce                                       25     1   2  2  
 4 Jacob Trouba             Brandon Carlo                                     15     1   2  2  

PowerPlay Forward 
   Center                   Left Wing                Right Wing               Time % Phy DF OF 
 1 Ryan McLeod              Adrian Kempe             Brock Boeser             50     1   2  2  
 2 Boone Jenner             Jake DeBrusk             Dawson Mercer            50     1   2  2  

PowerPlay Defense
   Defense                  Defense                                           Time % Phy DF OF 
 1 Jacob Trouba             Brandon Carlo                                     50     1   2  2  
 2 David Savard             Evan Bouchard                                     50     1   2  2  

Penalty Kill 4 Players Forward 
   Center                   Wing                     Time % Phy DF OF 
 1 Adrian Kempe             Brock Boeser             50     1   2  2  
 2 Jake DeBrusk             Dylan Holloway           50     1   2  2  

Penalty Kill 4 Players Defense
   Defense                  Defense                  Time % Phy DF OF 
 1 Jacob Trouba             Brandon Carlo            50     1   2  2  
 2 David Savard             Evan Bouchard            50     1   2  2  

Penalty Kill - 3 Players Forward 
   Forward                                           Time % Phy DF OF 
 1 Adrian Kempe                                      50     1   2  2  
 2 Brock Boeser                                      50     1   2  2  

Penalty Kill - 3 Players Defense
   Defense                  Defense                  Time % Phy DF OF 
 1 Jacob Trouba             Brandon Carlo            50     1   2  2  
 2 David Savard             Evan Bouchard            50     1   2  2  

4 vs 4 Forward 
   Center                   Wing                     Time % Phy DF OF 
 1 Adrian Kempe             Brock Boeser             50     1   2  2  
 2 Jake DeBrusk             Dylan Holloway           50     1   2  2  

4 vs 4 Defense
   Defense                  Defense                  Time % Phy DF OF 
 1 Jacob Trouba             Brandon Carlo            50     1   2  2  
 2 David Savard             Evan Bouchard            50     1   2  2  

Last Minutes Offensive
   Center                   Left Wing                Right Wing               Defense                  Defense                  
   Ryan McLeod              Adrian Kempe             Brock Boeser             Jacob Trouba             Brandon Carlo            

Last Minutes Defensive
   Center                   Left Wing                Right Wing               Defense                  Defense                  
   Ryan McLeod              Adrian Kempe             Brock Boeser             Jacob Trouba             Brandon Carlo            

Goaltenders
Starting : Jonathan Quick           
Backup : Juuse Saros              

Extra Forwards
Normal : Morgan Barron, David Perron, Corey Perry - PP : Morgan Barron, David Perron - PK : Corey Perry
Extra Defensemen
Normal : Luke Hughes, Brett Pesce, David Savard - PP : Luke Hughes - PK : Brett Pesce, David Savard
Penalty Shots
Adrian Kempe, Brock Boeser, Jake DeBrusk, Dylan Holloway, Ryan McLeod

Scratches
Troy Stecher (Healthy), Derek Ryan (Healthy), Jeff Carter (Healthy), Scott Mayfield (Healthy), Karel Vejmelka (Healthy)

% Time on Ice - Hartford Whalers

Lines # - Real PCT - Wanted PCT - Time Play
Normal Forward
1 - 29% - 32% - 13:28
2 - 31% - 32% - 14:13
3 - 25% - 26% - 11:37
4 - 15% - 10% - 6:51
Normal Defense
1 - 34% - 35% - 15:48
2 - 33% - 33% - 15:16
3 - 33% - 32% - 15:05
4 - 0% - 0% - 0:00
PP Forward
1 - 47% - 50% - 5:20
2 - 53% - 50% - 6:01
PP Defense
1 - 53% - 50% - 6:03
2 - 47% - 50% - 5:18
PK Forward
1 - 47% - 50% - 1:11
2 - 53% - 50% - 1:19
PK Defense
1 - 55% - 50% - 1:22
2 - 45% - 50% - 1:08
PK3 Forward
1 - 0% - 50%
2 - 0% - 50%
PK3 Defense
1 - 0% - 50%
2 - 0% - 50%
44 Forward
1 - 57% - 50% - 0:21
2 - 43% - 50% - 0:16
44 Defense
1 - 70% - 50% - 0:26
2 - 30% - 50% - 0:11
Last Minute Offensive  - 0:00
Last Minute Defensive  - 0:00
Total
Forward - 60:37
Defense - 60:37

% Time on Ice - Edmonton Oilers

Lines # - Real PCT - Wanted PCT - Time Play
Normal Forward
1 - 29% - 30% - 13:28
2 - 28% - 30% - 12:52
3 - 24% - 25% - 11:07
4 - 19% - 15% - 8:42
Normal Defense
1 - 30% - 30% - 13:42
2 - 36% - 30% - 16:26
3 - 25% - 25% - 11:22
4 - 10% - 15% - 4:39
PP Forward
1 - 47% - 50% - 1:11
2 - 53% - 50% - 1:19
PP Defense
1 - 49% - 50% - 1:13
2 - 51% - 50% - 1:17
PK Forward
1 - 52% - 50% - 5:54
2 - 48% - 50% - 5:27
PK Defense
1 - 55% - 50% - 6:15
2 - 45% - 50% - 5:06
PK3 Forward
1 - 0% - 50%
2 - 0% - 50%
PK3 Defense
1 - 0% - 50%
2 - 0% - 50%
44 Forward
1 - 62% - 50% - 0:23
2 - 38% - 50% - 0:14
44 Defense
1 - 97% - 50% - 0:36
2 - 3% - 50% - 0:01
Last Minute Offensive  - 0:00
Last Minute Defensive  - 0:00
Total
Forward - 60:37
Defense - 60:37

Play-by-Play

1st period


0:01 of 1st period - Nick Suzuki wins face-off versus Ryan McLeod in neutral zone.
0:26 of 1st period - Jacob Trouba is hit by Pierre-Luc Dubois and loses puck.
2:12 of 1st period - Snap shot by Jake DeBrusk.
2:12 of 1st period - Shot Blocked by Anthony Cirelli.
2:14 of 1st period - Snap shot by Dawson Mercer.
2:14 of 1st period - Deflect By Devon Toews.
2:14 of 1st period - Stopped by Samuel Montembeault without a rebound.
2:15 of 1st period - Matthew Coronato wins face-off versus Boone Jenner in Hartford Whalers zone.
2:24 of 1st period - Snap shot by Dylan Guenther.
2:24 of 1st period - Shot Blocked by Brandon Carlo.
2:28 of 1st period - Slapshot by Dylan Guenther.
2:28 of 1st period - Stopped by Jonathan Quick without a rebound.
2:29 of 1st period - Ryan McLeod wins face-off versus Nick Suzuki in Edmonton Oilers zone.
2:29 of 1st period - Ryan McLeod is hit by Tom Wilson.
3:05 of 1st period - Snap shot by Evan Bouchard.
3:05 of 1st period - Shot Misses the Net.
3:24 of 1st period - Slapshot by Jake DeBrusk.
3:24 of 1st period - Stopped by Samuel Montembeault with a rebound.
3:26 of 1st period - Wrist shot by Dawson Mercer.
3:26 of 1st period - Shot Misses the Net.
3:28 of 1st period - Slapshot by Brandon Carlo.
3:28 of 1st period - Shot Misses the Net.
4:24 of 1st period - Wrist shot by David Perron.
4:24 of 1st period - Stopped by Samuel Montembeault without a rebound.
4:25 of 1st period - Morgan Barron wins face-off versus Matthew Coronato in Hartford Whalers zone.
4:38 of 1st period - Backhand shot by Dylan Guenther.
4:38 of 1st period - Shot Blocked by Brett Pesce.
4:40 of 1st period - Slapshot by Braden Schneider.
4:40 of 1st period - Stopped by Jonathan Quick with a rebound.
4:42 of 1st period - Snap shot by Charlie McAvoy.
4:42 of 1st period - Shot Misses the Net.
4:46 of 1st period - Snap shot by Dylan Guenther.
4:46 of 1st period - Deflect By Morgan Barron.
4:46 of 1st period - Shot Misses the Net.
4:46 of 1st period - Puck is out of play.
4:47 of 1st period - Anthony Cirelli wins face-off versus Boone Jenner in Edmonton Oilers zone.
5:05 of 1st period - Minor Penalty to David Savard for Holding.
5:06 of 1st period - Adrian Kempe wins face-off versus Nick Suzuki in Edmonton Oilers zone.
5:18 of 1st period - Snap shot by Jake DeBrusk.
5:18 of 1st period - Stopped by Samuel Montembeault with a rebound.
5:42 of 1st period - Backhand shot by Anthony Cirelli.
5:42 of 1st period - Shot Misses the Net.
6:40 of 1st period - Evan Bouchard is hit by Anthony Cirelli and loses puck.
6:50 of 1st period - Icing by Tomas Hertl.
6:51 of 1st period - Anthony Cirelli wins face-off versus Adrian Kempe in Hartford Whalers zone.
7:05 of 1st period - Penalty to David Savard is over, David Savard is back on ice.
7:17 of 1st period - Wrist shot by Adrian Kempe.
7:17 of 1st period - Shot Misses the Net.
7:19 of 1st period - Snap shot by Brock Boeser.
7:19 of 1st period - Shot Blocked by Vladislav Gavrikov.
8:06 of 1st period - Snap shot by Brock Boeser.
8:06 of 1st period - Stopped by Samuel Montembeault without a rebound.
8:07 of 1st period - Nick Suzuki wins face-off versus Boone Jenner in Hartford Whalers zone.
8:51 of 1st period - Pierre-Luc Dubois is hit by Luke Hughes and loses puck.
8:58 of 1st period - Wrist shot by Pierre-Luc Dubois.
8:58 of 1st period - Stopped by Jonathan Quick with a rebound.
9:34 of 1st period - Wrist shot by Evan Bouchard.
9:34 of 1st period - Deflect By Corey Perry.
9:34 of 1st period - Shot Misses the Net.
9:34 of 1st period - Puck is out of play.
9:35 of 1st period - Boone Jenner wins face-off versus Nick Suzuki in Hartford Whalers zone.
9:38 of 1st period - Wrist shot by Jake DeBrusk.
9:38 of 1st period - Goal by Jake DeBrusk - Hartford Whalers : 0 - Edmonton Oilers : 1.
9:39 of 1st period - Boone Jenner wins face-off versus Nick Suzuki in neutral zone.
10:04 of 1st period - Tom Wilson is hit by Adrian Kempe and loses puck.
10:11 of 1st period - Slapshot by Tom Wilson.
10:11 of 1st period - Stopped by Jonathan Quick without a rebound.
10:12 of 1st period - Boone Jenner wins face-off versus Anthony Cirelli in Edmonton Oilers zone.
10:19 of 1st period - Snap shot by Jake DeBrusk.
10:19 of 1st period - Shot Misses the Net.
10:21 of 1st period - Snap shot by Boone Jenner.
10:21 of 1st period - Stopped by Samuel Montembeault with a rebound.
10:27 of 1st period - Snap shot by Boone Jenner.
10:27 of 1st period - Stopped by Samuel Montembeault without a rebound.
10:28 of 1st period - Dylan Holloway wins face-off versus Nick Suzuki in Hartford Whalers zone.
10:39 of 1st period - Slapshot by Dylan Holloway.
10:39 of 1st period - Shot Misses the Net.
11:17 of 1st period - Wrist shot by Jake DeBrusk.
11:17 of 1st period - Stopped by Samuel Montembeault without a rebound.
11:18 of 1st period - Boone Jenner wins face-off versus Frank Nazar in Hartford Whalers zone.
11:21 of 1st period - Wrist shot by Jake DeBrusk.
11:21 of 1st period - Shot Blocked by Tyler Myers.
11:41 of 1st period - Wrist shot by Kaapo Kakko.
11:41 of 1st period - Shot Misses the Net.
11:43 of 1st period - Slapshot by Seth Jones.
11:43 of 1st period - Stopped by Jonathan Quick with a rebound.
11:45 of 1st period - Slapshot by Tyler Myers.
11:45 of 1st period - Shot Misses the Net.
11:47 of 1st period - Snap shot by Seth Jones.
11:47 of 1st period - Shot Blocked by Jacob Trouba.
11:49 of 1st period - Slapshot by Tyler Myers.
11:49 of 1st period - Stopped by Jonathan Quick with a rebound.
11:51 of 1st period - Wrist shot by Seth Jones.
11:51 of 1st period - Shot Blocked by Brandon Carlo.
12:00 of 1st period - Minor Penalty to Jacob Trouba for Tripping.
12:01 of 1st period - Adrian Kempe wins face-off versus Nick Suzuki in Edmonton Oilers zone.
12:32 of 1st period - Wrist shot by Joshua Norris.
12:32 of 1st period - Stopped by Jonathan Quick without a rebound.
12:33 of 1st period - Anthony Cirelli wins face-off versus Adrian Kempe in Edmonton Oilers zone.
13:02 of 1st period - Joshua Norris is hit by Jake DeBrusk.
14:00 of 1st period - Penalty to Jacob Trouba is over, Jacob Trouba is back on ice.
14:14 of 1st period - Off-side.
14:15 of 1st period - Tanner Jeannot wins face-off versus Matthew Coronato in neutral zone.
14:20 of 1st period - Slapshot by Corey Perry.
14:20 of 1st period - Stopped by Samuel Montembeault with a rebound.
14:26 of 1st period - Wrist shot by Corey Perry.
14:26 of 1st period - Shot Misses the Net.
14:28 of 1st period - Backhand shot by Brandon Carlo.
14:28 of 1st period - Stopped by Samuel Montembeault without a rebound.
14:29 of 1st period - Nick Suzuki wins face-off versus David Perron in Hartford Whalers zone.
14:36 of 1st period - Wrist shot by Tom Wilson.
14:36 of 1st period - Deflect By Joshua Norris.
14:36 of 1st period - Stopped by Jonathan Quick with a rebound.
15:27 of 1st period - Snap shot by Tomas Hertl.
15:27 of 1st period - Shot Misses the Net.
15:29 of 1st period - Snap shot by Pierre-Luc Dubois.
15:29 of 1st period - Shot Misses the Net.
15:31 of 1st period - Slapshot by Charlie McAvoy.
15:31 of 1st period - Deflect By Pierre-Luc Dubois.
15:31 of 1st period - Stopped by Jonathan Quick with a rebound.
15:41 of 1st period - Wrist shot by Tomas Hertl.
15:41 of 1st period - Stopped by Jonathan Quick without a rebound.
15:42 of 1st period - Boone Jenner wins face-off versus Nick Suzuki in Edmonton Oilers zone.
15:47 of 1st period - Evan Bouchard is hit by Vladislav Gavrikov and loses puck.
16:08 of 1st period - Morgan Barron is hit by Anders Lee and loses puck.
16:31 of 1st period - Snap shot by Jonathan Drouin.
16:31 of 1st period - Deflect By Frank Nazar.
16:31 of 1st period - Goal by Frank Nazar - Hartford Whalers : 1 - Edmonton Oilers : 1.
16:32 of 1st period - Nick Suzuki wins face-off versus Adrian Kempe in neutral zone.
18:46 of 1st period - Icing by Brandon Carlo.
18:47 of 1st period - Ryan McLeod wins face-off versus Anders Lee in Edmonton Oilers zone.
19:14 of 1st period - Wrist shot by Nick Suzuki.
19:14 of 1st period - Stopped by Jonathan Quick with a rebound.
19:16 of 1st period - Slapshot by Devon Toews.
19:16 of 1st period - Deflect By Joshua Norris.
19:16 of 1st period - Stopped by Jonathan Quick with a rebound.
19:18 of 1st period - Snap shot by Nick Suzuki.
19:18 of 1st period - Shot Misses the Net.
19:22 of 1st period - Snap shot by Tom Wilson.
19:22 of 1st period - Shot Blocked by Evan Bouchard.
19:24 of 1st period - Snap shot by Vladislav Gavrikov.
19:24 of 1st period - Stopped by Jonathan Quick with a rebound.
19:55 of 1st period - Off-side.
19:56 of 1st period - Frank Nazar wins face-off versus Ryan McLeod in neutral zone.
Goals for this period are 1 for Hartford Whalers vs 1 for Edmonton Oilers.
Shots for this period are 14 for Hartford Whalers vs 11 for Edmonton Oilers.

2nd period


0:01 of 2nd period - Ryan McLeod wins face-off versus Nick Suzuki in neutral zone.
0:03 of 2nd period - Off-side.
0:04 of 2nd period - Ryan McLeod wins face-off versus Nick Suzuki in neutral zone.
0:13 of 2nd period - Snap shot by Brock Boeser.
0:13 of 2nd period - Stopped by Samuel Montembeault without a rebound.
0:14 of 2nd period - Nick Suzuki wins face-off versus David Perron in Hartford Whalers zone.
0:19 of 2nd period - Seth Jones is hit by David Perron and loses puck.
0:45 of 2nd period - Snap shot by Dawson Mercer.
0:45 of 2nd period - Stopped by Samuel Montembeault without a rebound.
0:46 of 2nd period - Brock Boeser wins face-off versus Anthony Cirelli in Hartford Whalers zone.
0:55 of 2nd period - Snap shot by Adrian Kempe.
0:55 of 2nd period - Stopped by Samuel Montembeault with a rebound.
0:57 of 2nd period - Slapshot by Evan Bouchard.
0:57 of 2nd period - Stopped by Samuel Montembeault with a rebound.
0:59 of 2nd period - Slapshot by David Savard.
0:59 of 2nd period - Stopped by Samuel Montembeault without a rebound.
1:00 of 2nd period - Joshua Norris wins face-off versus Boone Jenner in Hartford Whalers zone.
1:51 of 2nd period - Slapshot by Frank Nazar.
1:51 of 2nd period - Shot Misses the Net.
1:53 of 2nd period - Slapshot by Devon Toews.
1:53 of 2nd period - Shot Blocked by David Savard.
2:17 of 2nd period - Snap shot by Pierre-Luc Dubois.
2:17 of 2nd period - Shot Misses the Net.
2:28 of 2nd period - Off-side.
2:29 of 2nd period - Nick Suzuki wins face-off versus Boone Jenner in neutral zone.
2:31 of 2nd period - Off-side.
2:32 of 2nd period - Boone Jenner wins face-off versus Nick Suzuki in neutral zone.
2:47 of 2nd period - Snap shot by Jake DeBrusk.
2:47 of 2nd period - Shot Blocked by Seth Jones.
3:40 of 2nd period - Brandon Carlo is hit by Charlie McAvoy.
3:44 of 2nd period - Drake Caggiula is hit by Kaapo Kakko.
4:12 of 2nd period - Minor Penalty to Brandon Carlo for Hooking.
4:13 of 2nd period - Jake DeBrusk wins face-off versus Anthony Cirelli in Edmonton Oilers zone.
4:49 of 2nd period - Adrian Kempe is hit by Vladislav Gavrikov and loses puck.
5:10 of 2nd period - Slapshot by Dylan Holloway.
5:10 of 2nd period - Shot Misses the Net.
5:58 of 2nd period - Tyler Myers is hit by Jacob Trouba and loses puck.
6:12 of 2nd period - Penalty to Brandon Carlo is over, Brandon Carlo is back on ice.
6:22 of 2nd period - Brandon Carlo is hit by Kaapo Kakko.
6:33 of 2nd period - Slapshot by Evan Bouchard.
6:33 of 2nd period - Stopped by Samuel Montembeault with a rebound.
6:35 of 2nd period - Slapshot by David Savard.
6:35 of 2nd period - Shot Blocked by Devon Toews.
6:41 of 2nd period - Dawson Mercer is hit by Frank Nazar and loses puck.
6:58 of 2nd period - Vladislav Gavrikov is hit by Dawson Mercer and loses puck.
7:11 of 2nd period - Wrist shot by Jonathan Drouin.
7:11 of 2nd period - Stopped by Jonathan Quick without a rebound.
7:12 of 2nd period - Ryan McLeod wins face-off versus Matthew Coronato in Edmonton Oilers zone.
7:12 of 2nd period - Ryan McLeod is hit by Anders Lee.
7:39 of 2nd period - Tom Wilson is hit by David Perron and loses puck.
8:06 of 2nd period - Brandon Carlo is hit by Anthony Cirelli and loses puck.
8:43 of 2nd period - Brandon Carlo is hit by Seth Jones and loses puck.
9:02 of 2nd period - Wrist shot by Brock Boeser.
9:02 of 2nd period - Shot Misses the Net.
9:04 of 2nd period - Snap shot by Brock Boeser.
9:04 of 2nd period - Deflect By Adrian Kempe.
9:04 of 2nd period - Stopped by Samuel Montembeault with a rebound.
9:06 of 2nd period - Slapshot by Jacob Trouba.
9:06 of 2nd period - Shot Misses the Net.
9:08 of 2nd period - Backhand shot by Brandon Carlo.
9:08 of 2nd period - Stopped by Samuel Montembeault with a rebound.
9:43 of 2nd period - Slapshot by Evan Bouchard.
9:43 of 2nd period - Shot Misses the Net.
10:03 of 2nd period - Tyler Myers is hit by Evan Bouchard and loses puck.
10:16 of 2nd period - David Perron is hit by Pierre-Luc Dubois and loses puck.
10:52 of 2nd period - Boone Jenner is hit by Tom Wilson and loses puck.
11:07 of 2nd period - Seth Jones is hit by Adrian Kempe and loses puck.
11:12 of 2nd period - Snap shot by Brock Boeser.
11:12 of 2nd period - Shot Blocked by Seth Jones.
11:30 of 2nd period - Kaapo Kakko is hit by Tanner Jeannot and loses puck.
11:53 of 2nd period - Slapshot by Pierre-Luc Dubois.
11:53 of 2nd period - Shot Blocked by Evan Bouchard.
11:55 of 2nd period - Slapshot by Braden Schneider.
11:55 of 2nd period - Stopped by Jonathan Quick with a rebound.
12:07 of 2nd period - Evan Bouchard is hit by Joshua Norris and loses puck.
12:48 of 2nd period - Snap shot by Tanner Jeannot.
12:48 of 2nd period - Deflect By Drake Caggiula.
12:48 of 2nd period - Stopped by Samuel Montembeault with a rebound.
13:04 of 2nd period - David Perron is hit by Pierre-Luc Dubois and loses puck.
13:09 of 2nd period - Snap shot by Tomas Hertl.
13:09 of 2nd period - Shot Misses the Net.
13:11 of 2nd period - Wrist shot by Pierre-Luc Dubois.
13:11 of 2nd period - Stopped by Jonathan Quick without a rebound.
13:12 of 2nd period - Nick Suzuki wins face-off versus Ryan McLeod in Edmonton Oilers zone.
13:13 of 2nd period - Wrist shot by Joshua Norris.
13:13 of 2nd period - Shot Misses the Net.
13:15 of 2nd period - Minor Penalty to Brock Boeser for Interference.
13:16 of 2nd period - Anthony Cirelli wins face-off versus Jake DeBrusk in Edmonton Oilers zone.
13:41 of 2nd period - Devon Toews is hit by Dylan Holloway and loses puck.
14:53 of 2nd period - Jacob Trouba is hit by Nick Suzuki and loses puck.
15:04 of 2nd period - Slapshot by Jacob Trouba.
15:04 of 2nd period - Deflect By Dylan Holloway.
15:04 of 2nd period - Shot Blocked by Pierre-Luc Dubois.
15:04 of 2nd period - Puck is out of play.
15:05 of 2nd period - Anthony Cirelli wins face-off versus Jake DeBrusk in Hartford Whalers zone.
15:15 of 2nd period - Penalty to Brock Boeser is over, Brock Boeser is back on ice.
15:28 of 2nd period - Snap shot by Corey Perry.
15:28 of 2nd period - Stopped by Samuel Montembeault with a rebound.
15:54 of 2nd period - Snap shot by Frank Nazar.
15:54 of 2nd period - Stopped by Jonathan Quick with a rebound.
16:06 of 2nd period - Evan Bouchard is hit by Anthony Cirelli and loses puck.
16:41 of 2nd period - Slapshot by Brock Boeser.
16:41 of 2nd period - Shot Misses the Net.
17:02 of 2nd period - Snap shot by Corey Perry.
17:02 of 2nd period - Stopped by Samuel Montembeault without a rebound.
17:03 of 2nd period - Anthony Cirelli wins face-off versus Boone Jenner in Hartford Whalers zone.
17:48 of 2nd period - Off-side.
17:49 of 2nd period - Matthew Coronato wins face-off versus Ryan McLeod in neutral zone.
18:01 of 2nd period - Minor Penalty to Tyler Myers for Interference.
18:02 of 2nd period - Nick Suzuki wins face-off versus Ryan McLeod in Hartford Whalers zone.
Goals for this period are 0 for Hartford Whalers vs 0 for Edmonton Oilers.
Shots for this period are 4 for Hartford Whalers vs 11 for Edmonton Oilers.

3rd period


0:01 of 3rd period - Penalty to Tyler Myers is over, Tyler Myers is back on ice.
0:01 of 3rd period - Nick Suzuki wins face-off versus Ryan McLeod in neutral zone.
0:04 of 3rd period - Wrist shot by Tom Wilson.
0:04 of 3rd period - Shot Misses the Net.
0:14 of 3rd period - Snap shot by Adrian Kempe.
0:14 of 3rd period - Stopped by Samuel Montembeault with a rebound.
0:16 of 3rd period - Snap shot by Ryan McLeod.
0:16 of 3rd period - Shot Blocked by Tyler Myers.
0:26 of 3rd period - Dylan Holloway is hit by Vladislav Gavrikov and loses puck.
0:49 of 3rd period - Wrist shot by Matthew Coronato.
0:49 of 3rd period - Stopped by Jonathan Quick with a rebound.
0:53 of 3rd period - Snap shot by Dylan Guenther.
0:53 of 3rd period - Shot Blocked by Jacob Trouba.
0:53 of 3rd period - Jacob Trouba from Edmonton Oilers is injured at 0:53 of 3rd period (Sprained Right Ankle).
0:54 of 3rd period - Anthony Cirelli wins face-off versus Ryan McLeod in Edmonton Oilers zone.
1:01 of 3rd period - Snap shot by Pierre-Luc Dubois.
1:01 of 3rd period - Shot Misses the Net.
1:03 of 3rd period - Snap shot by Tomas Hertl.
1:03 of 3rd period - Stopped by Jonathan Quick without a rebound.
1:04 of 3rd period - Ryan McLeod wins face-off versus Anthony Cirelli in Edmonton Oilers zone.
1:06 of 3rd period - Minor Penalty to Brock Boeser for High sticking.
1:07 of 3rd period - Anthony Cirelli wins face-off versus Jake DeBrusk in Edmonton Oilers zone.
1:17 of 3rd period - Wrist shot by Pierre-Luc Dubois.
1:17 of 3rd period - Stopped by Jonathan Quick with a rebound.
1:19 of 3rd period - Slapshot by Vladislav Gavrikov.
1:19 of 3rd period - Stopped by Jonathan Quick without a rebound.
1:20 of 3rd period - Nick Suzuki wins face-off versus Jake DeBrusk in Edmonton Oilers zone.
1:47 of 3rd period - Tomas Hertl is hit by Adrian Kempe.
2:22 of 3rd period - Off-side.
2:23 of 3rd period - Jake DeBrusk wins face-off versus Anthony Cirelli in neutral zone.
2:26 of 3rd period - Tomas Hertl is hit by David Savard and loses puck.
3:01 of 3rd period - Icing by Joshua Norris.
3:02 of 3rd period - Adrian Kempe wins face-off versus Nick Suzuki in Hartford Whalers zone.
3:06 of 3rd period - Penalty to Brock Boeser is over, Brock Boeser is back on ice.
3:15 of 3rd period - Wrist shot by Tom Wilson.
3:15 of 3rd period - Shot Misses the Net.
3:19 of 3rd period - Slapshot by Nick Suzuki.
3:19 of 3rd period - Shot Misses the Net.
3:23 of 3rd period - Snap shot by Joshua Norris.
3:23 of 3rd period - Shot Misses the Net.
3:25 of 3rd period - Snap shot by Nick Suzuki.
3:25 of 3rd period - Deflect By Tom Wilson.
3:25 of 3rd period - Shot Blocked by Adrian Kempe.
3:25 of 3rd period - Puck is out of play.
3:26 of 3rd period - Anthony Cirelli wins face-off versus Morgan Barron in Edmonton Oilers zone.
3:42 of 3rd period - David Savard is hit by Tyler Myers and loses puck.
4:02 of 3rd period - Slapshot by Matthew Coronato.
4:02 of 3rd period - Shot Blocked by Luke Hughes.
4:11 of 3rd period - Minor Penalty to Charlie McAvoy for Interference.
4:12 of 3rd period - Tom Wilson wins face-off versus Boone Jenner in Hartford Whalers zone.
4:25 of 3rd period - Devon Toews is hit by Boone Jenner and loses puck.
4:42 of 3rd period - Snap shot by Adrian Kempe.
4:42 of 3rd period - Goal by Adrian Kempe - Hartford Whalers : 1 - Edmonton Oilers : 2.
4:43 of 3rd period - Anthony Cirelli wins face-off versus Ryan McLeod in neutral zone.
4:58 of 3rd period - Wrist shot by Tomas Hertl.
4:58 of 3rd period - Stopped by Jonathan Quick with a rebound.
5:47 of 3rd period - Anders Lee is hit by David Savard and loses puck.
6:21 of 3rd period - Snap shot by Ryan McLeod.
6:21 of 3rd period - Shot Misses the Net.
6:23 of 3rd period - Wrist shot by Ryan McLeod.
6:23 of 3rd period - Stopped by Samuel Montembeault with a rebound.
6:25 of 3rd period - Snap shot by Luke Hughes.
6:25 of 3rd period - Shot Misses the Net.
6:27 of 3rd period - Snap shot by Brock Boeser.
6:27 of 3rd period - Shot Misses the Net.
6:29 of 3rd period - Slapshot by Brock Boeser.
6:29 of 3rd period - Stopped by Samuel Montembeault with a rebound.
6:31 of 3rd period - Snap shot by Adrian Kempe.
6:31 of 3rd period - Stopped by Samuel Montembeault without a rebound.
6:32 of 3rd period - Morgan Barron wins face-off versus Nick Suzuki in Hartford Whalers zone.
7:18 of 3rd period - Luke Hughes is hit by Anders Lee and loses puck.
7:37 of 3rd period - Matthew Coronato is hit by Morgan Barron and loses puck.
9:58 of 3rd period - Slapshot by Charlie McAvoy.
9:58 of 3rd period - Shot Blocked by Brett Pesce.
10:41 of 3rd period - Snap shot by Brock Boeser.
10:41 of 3rd period - Stopped by Samuel Montembeault without a rebound.
10:42 of 3rd period - Brock Boeser wins face-off versus Anthony Cirelli in Hartford Whalers zone.
11:32 of 3rd period - Snap shot by Brock Boeser.
11:32 of 3rd period - Shot Misses the Net.
11:42 of 3rd period - Snap shot by Adrian Kempe.
11:42 of 3rd period - Stopped by Samuel Montembeault without a rebound.
11:43 of 3rd period - Boone Jenner wins face-off versus Nick Suzuki in Hartford Whalers zone.
11:58 of 3rd period - Slapshot by Evan Bouchard.
11:58 of 3rd period - Stopped by Samuel Montembeault with a rebound.
12:19 of 3rd period - Slapshot by Evan Bouchard.
12:19 of 3rd period - Shot Blocked by Seth Jones.
12:46 of 3rd period - Snap shot by Nick Suzuki.
12:46 of 3rd period - Stopped by Jonathan Quick with a rebound.
12:48 of 3rd period - Snap shot by Vladislav Gavrikov.
12:48 of 3rd period - Stopped by Jonathan Quick with a rebound.
12:50 of 3rd period - Slapshot by Tom Wilson.
12:50 of 3rd period - Deflect By Nick Suzuki.
12:50 of 3rd period - Shot Misses the Net.
12:50 of 3rd period - Puck is out of play.
12:51 of 3rd period - Boone Jenner wins face-off versus Matthew Coronato in Edmonton Oilers zone.
13:03 of 3rd period - Slapshot by Luke Hughes.
13:03 of 3rd period - Stopped by Samuel Montembeault without a rebound.
13:04 of 3rd period - Ryan McLeod wins face-off versus Anthony Cirelli in Hartford Whalers zone.
13:09 of 3rd period - Snap shot by Ryan McLeod.
13:09 of 3rd period - Stopped by Samuel Montembeault with a rebound.
13:15 of 3rd period - Snap shot by Brock Boeser.
13:15 of 3rd period - Shot Hit the Post.
13:17 of 3rd period - Slapshot by Brandon Carlo.
13:17 of 3rd period - Stopped by Samuel Montembeault with a rebound.
13:19 of 3rd period - Backhand shot by Luke Hughes.
13:19 of 3rd period - Deflect By Charlie McAvoy.
13:19 of 3rd period - Stopped by Samuel Montembeault with a rebound.
13:44 of 3rd period - Wrist shot by Tomas Hertl.
13:44 of 3rd period - Stopped by Jonathan Quick without a rebound.
13:45 of 3rd period - Ryan McLeod wins face-off versus Matthew Coronato in Edmonton Oilers zone.
13:50 of 3rd period - Slapshot by Brock Boeser.
13:50 of 3rd period - Stopped by Samuel Montembeault without a rebound.
13:51 of 3rd period - Matthew Coronato wins face-off versus Ryan McLeod in Hartford Whalers zone.
13:51 of 3rd period - Matthew Coronato is hit by Adrian Kempe.
13:58 of 3rd period - Seth Jones is hit by David Savard and loses puck.
14:01 of 3rd period - Minor Penalty to Adrian Kempe for Cross-checking.
14:02 of 3rd period - Tomas Hertl wins face-off versus Jake DeBrusk in Edmonton Oilers zone.
14:05 of 3rd period - Slapshot by Anthony Cirelli.
14:05 of 3rd period - Shot Misses the Net.
14:07 of 3rd period - Slapshot by Tomas Hertl.
14:07 of 3rd period - Shot Misses the Net.
14:09 of 3rd period - Wrist shot by Pierre-Luc Dubois.
14:09 of 3rd period - Shot Blocked by David Savard.
14:11 of 3rd period - Snap shot by Seth Jones.
14:11 of 3rd period - Shot Misses the Net.
14:13 of 3rd period - Slapshot by Tomas Hertl.
14:13 of 3rd period - Shot Blocked by Evan Bouchard.
14:15 of 3rd period - Wrist shot by Tomas Hertl.
14:15 of 3rd period - Shot Blocked by Evan Bouchard.
14:17 of 3rd period - Slapshot by Tyler Myers.
14:17 of 3rd period - Deflect By Anthony Cirelli.
14:17 of 3rd period - Shot Blocked by David Savard.
14:17 of 3rd period - Puck is out of play.
14:18 of 3rd period - Corey Perry wins face-off versus Nick Suzuki in Edmonton Oilers zone.
14:18 of 3rd period - Corey Perry is hit by Joshua Norris.
14:24 of 3rd period - Snap shot by Corey Perry.
14:24 of 3rd period - Shot Misses the Net.
14:41 of 3rd period - Icing by Joshua Norris.
14:42 of 3rd period - Anthony Cirelli wins face-off versus Jake DeBrusk in Hartford Whalers zone.
14:51 of 3rd period - Backhand shot by Pierre-Luc Dubois.
14:51 of 3rd period - Shot Blocked by Dylan Holloway.
14:53 of 3rd period - Wrist shot by Pierre-Luc Dubois.
14:53 of 3rd period - Shot Misses the Net.
15:21 of 3rd period - Snap shot by Pierre-Luc Dubois.
15:21 of 3rd period - Shot Misses the Net.
15:23 of 3rd period - Slapshot by Tomas Hertl.
15:23 of 3rd period - Stopped by Jonathan Quick with a rebound.
15:25 of 3rd period - Snap shot by Pierre-Luc Dubois.
15:25 of 3rd period - Shot Blocked by Brett Pesce.
15:27 of 3rd period - Snap shot by Anthony Cirelli.
15:27 of 3rd period - Goal by Anthony Cirelli - Hartford Whalers : 2 - Edmonton Oilers : 2.
15:28 of 3rd period - Matthew Coronato wins face-off versus Morgan Barron in neutral zone.
16:30 of 3rd period - Wrist shot by Morgan Barron.
16:30 of 3rd period - Shot Misses the Net.
16:32 of 3rd period - Wrist shot by Morgan Barron.
16:32 of 3rd period - Shot Blocked by Braden Schneider.
16:34 of 3rd period - Slapshot by Luke Hughes.
16:34 of 3rd period - Stopped by Samuel Montembeault without a rebound.
16:35 of 3rd period - Nick Suzuki wins face-off versus Tanner Jeannot in Hartford Whalers zone.
16:35 of 3rd period - Nick Suzuki is hit by Tanner Jeannot.
17:02 of 3rd period - Brandon Carlo is hit by Tyler Myers and loses puck.
17:09 of 3rd period - Snap shot by Pierre-Luc Dubois.
17:09 of 3rd period - Stopped by Jonathan Quick with a rebound.
17:23 of 3rd period - Jonathan Drouin is hit by Boone Jenner.
17:41 of 3rd period - David Savard is hit by Vladislav Gavrikov and loses puck.
17:58 of 3rd period - Jake DeBrusk is hit by Charlie McAvoy and loses puck.
18:05 of 3rd period - Pierre-Luc Dubois is hit by Dawson Mercer.
18:17 of 3rd period - Tyler Myers is hit by Brandon Carlo and loses puck.
18:35 of 3rd period - Brandon Carlo is hit by Devon Toews and loses puck.
19:02 of 3rd period - Snap shot by Dylan Holloway.
19:02 of 3rd period - Shot Misses the Net.
Goals for this period are 1 for Hartford Whalers vs 1 for Edmonton Oilers.
Shots for this period are 11 for Hartford Whalers vs 14 for Edmonton Oilers.

Overtime #1


0:01 of 1st overtime period - Nick Suzuki wins face-off versus Adrian Kempe in neutral zone.
0:31 of 1st overtime period - Snap shot by Joshua Norris.
0:31 of 1st overtime period - Shot Blocked by Luke Hughes.
0:33 of 1st overtime period - Snap shot by Joshua Norris.
0:33 of 1st overtime period - Stopped by Jonathan Quick with a rebound.
0:35 of 1st overtime period - Snap shot by Devon Toews.
0:35 of 1st overtime period - Stopped by Jonathan Quick without a rebound.
0:36 of 1st overtime period - Nick Suzuki wins face-off versus Jake DeBrusk in Edmonton Oilers zone.
0:37 of 1st overtime period - Snap shot by Tom Wilson.
0:37 of 1st overtime period - Goal by Tom Wilson - Hartford Whalers : 3 - Edmonton Oilers : 2.
Goals for this period are 1 for Hartford Whalers vs 0 for Edmonton Oilers.
Shots for this period are 3 for Hartford Whalers vs 0 for Edmonton Oilers.